 Dungeon Crawl Stone Soup version 0.31-a0-188-g5e087ee2ca (webtiles) character file.

Game seed: 4685092602796403489

3 qw the Shooter (level 1, -2/12 HPs)
             Began as a Deep Elf Hunter on June 23, 2023.
             Slain by a gnoll
             ... wielding a +0 club
              (4 damage)
             ... on level 1 of the Dungeon.
             The game lasted 00:00:01 (39 turns).

qw the Shooter (Deep Elf Hunter)                      Turns: 39, Time: 00:00:02

Health: -2/12      AC:  3    Str:  8    XL:     1   Next: 41%
Magic:  3/3        EV: 12    Int: 13    God:
Gold:   8          SH:  0    Dex: 18    Spells: 0/0 levels left

rFire   . . .        a - +0 shortbow
rCold   . . .        (shield currently unavailable)
rNeg    . . .        c - +0 leather armour
rPois   .            (no helmet)
rElec   .            (no cloak)
rCorr   .            (no gloves)
SInv    .            (no boots)
Will    .....        (no amulet)
Stlth   ++           (no ring)
HPRegen 0.22/turn    (no ring)
MPRegen 0.08/turn

%: no passive effects
@: no status effects
A: no striking features
a: no special abilities


You were on level 1 of the Dungeon.
You visited 1 branch of the dungeon, and saw 1 of its levels.

You collected 8 gold pieces.


   Skills:
 - Level 1.5 Fighting
 + Level 5.5 Ranged Weapons
 - Level 2.4 Dodging
 - Level 1.2 Stealth


You couldn't memorise any spells.
You didn't know any spells.
Your spell library was empty.

Inventory:

Hand Weapons
 a - a +0 shortbow (weapon)
Armour
 c - a +0 leather armour (worn)
Scrolls
 b - a scroll of butterflies

Dungeon Overview and Level Annotations

Branches:
Dungeon (1/15)

Altars:


Message History

You now have 8 gold pieces.
Found a stone staircase leading down.
A hobgoblin comes into view.
You shoot an arrow. The arrow hits the hobgoblin.
The hobgoblin shouts!
The hobgoblin is almost dead.
You hear a shout!
A hobgoblin comes into view.
A rat comes into view.
You shoot an arrow. The arrow hits the hobgoblin.
You kill the hobgoblin!
You shoot an arrow. The arrow hits the hobgoblin.
The hobgoblin is moderately wounded.
You shoot an arrow. The arrow hits the rat.
You kill the rat!
You shoot an arrow. The arrow barely misses the hobgoblin.
You shoot an arrow. The arrow hits the hobgoblin.
The hobgoblin is moderately wounded.
A gnoll comes into view. It is wielding a +0 club.
You shoot an arrow. The arrow hits the hobgoblin.
The hobgoblin is almost dead.
The hobgoblin hits you.
You shoot an arrow. The arrow hits the hobgoblin!
You kill the hobgoblin!
30 ||| FLEEEEING.
31 ||| FLEEEEING.
32 ||| FLEEEEING.
33 ||| FLEEEEING.
34 ||| FLEEEEING.
You shoot an arrow. The arrow hits the gnoll.
The gnoll is moderately wounded.
You shoot an arrow. The arrow closely misses the gnoll.
The gnoll misses you.
You shoot an arrow. The arrow barely misses the gnoll.
The gnoll hits you with a +0 club.
You shoot an arrow. The arrow barely misses the gnoll.
The gnoll hits you with a +0 club. The gnoll misses you.
You shoot an arrow. The arrow hits the gnoll.
The gnoll is severely wounded.
The gnoll hits you with a +0 club.
You die... #.# P7PP.P7PPPPPP #.. #. .# PPPPPPPPP7PP7P#.# #. .# PPPPPP7PP7PPP

#.. .. .# P7PP.PP..7.P
#.# .#.# PP.P.PP..P77
#.# ...#
###############.#####..#
................@g.##..#
......<.........##.....#
................####.%>#
###############.#
###......


P..P.PPP7PPP7 #.# .####. PP.PPPPPPPPPPP#.# .# 7PPP.PPP..PPPP#.# .%
P77.7PP.P.PP7P#.# .. 7 P.7.7PPPPP..#.# ..# You could see a gnoll.

Vanquished Creatures
  2 hobgoblins (D:1)
  A rat (D:1)
3 creatures vanquished.

Notes
Turn   | Place    | Note
-------+----------+-------------------------------------------
     0 | D:1      | qw the Deep Elf Hunter began the quest for the Orb.
     0 | D:1      | Reached XP level 1. HP: 12/12 MP: 3/3
     0 | D:1      | 0 ||| qw: Version: 0.3-a-9-g12657ce
     0 | D:1      | 0 ||| qw: Game counter: 3417
     0 | D:1      | 0 ||| qw: Always use a shield: true
     0 | D:1      | 0 ||| qw: God list: Okawaru
     0 | D:1      | 0 ||| qw: Allow faded altars: false
     0 | D:1      | 0 ||| qw: Do Orc after D:15 true
     0 | D:1      | 0 ||| qw: Do second Lair branch before Depths: true
     0 | D:1      | 0 ||| qw: Lair rune preference: random
     0 | D:1      | 0 ||| qw: Plans: Normal
     0 | D:1      | 0 ||| PLANNING D:1-11
    30 | D:1      | 30 ||| FLEEEEING.
    31 | D:1      | 31 ||| FLEEEEING.
    32 | D:1      | 32 ||| FLEEEEING.
    33 | D:1      | 33 ||| FLEEEEING.
    34 | D:1      | 34 ||| FLEEEEING.
    38 | D:1      | HP: 2/12 [gnoll/+0 club (5)]
    39 | D:1      | Slain by a gnoll

Levels and vault maps discovered:
D:1:      minmay_arrival_arboretum_large, layout_basic

Action                     || total
---------------------------++-------
   Fire: Shortbow          ||    13
  Dodge: Dodged            ||     2

Table legend:
 A = Non-vault XP
 B = Vault XP
 C = Vault XP percentage of total XP
 D = Non-vault monster count
 E = Vault monster count
 F = Vault count percentage of total count
                 A         B        C        D         E       F
            +---------+---------+-------+---------+---------+-------
      Total |       5 |       0 |   0.0 |       3 |       0 |   0.0
            +---------+---------+-------+---------+---------+-------
        D:1 |       5 |       0 |   0.0 |       3 |       0 |   0.0
            +---------+---------+-------+---------+---------+-------
